Unix NetHack Version 5.0.0-0 post-release - last build Jun 10 2026 00:39:30 (3ee93aec679c4c4259841fe613dc97188e26a321,branch:main).

Game began 2026-06-15 19:24:01, ended 2026-06-15 23:53:25.

Barrb, neutral female human Barbarian

                                     ---------
                                     |.......|
                               -------.......----         --------
                               .................|        |.......|
                               ...@C..........--|   -------......|
                               .................-----........--..|
                               ..............|........-----.--..--
                                ........   .-----------   .--..--
                                 ......                    -)..|
                                   ...                    -.?---
                                                           ..

Barrb the Bandit           St:18 Dx:18 Co:18 In:8 Wi:7 Ch:6  Neutral
Dlvl:11 $:40 HP:0(119) Pw:25(25) AC:-2 Xp:9 T:9251  Burdened

Latest messages:
 The forest centaur picks up a rock.
 The forest centaur wields a dwarvish short sword!
 The forest centaur thrusts her dwarvish short sword.
 The forest centaur just misses!
 The forest centaur kicks!
 You hear some noises in the distance.
 The forest centaur thrusts her dwarvish short sword.
 The forest centaur hits!
 The forest centaur just misses!
 The forest centaur thrusts her dwarvish short sword.
 The forest centaur misses!
 The forest centaur kicks!
 Idefix bites the forest centaur.
 The forest centaur thrusts her dwarvish short sword at Idefix.
 The forest centaur hits Idefix.
 The forest centaur misses Idefix.
 The forest centaur thrusts her dwarvish short sword.
 The forest centaur hits!
 The forest centaur kicks!
 You miss the forest centaur.
 The forest centaur thrusts her dwarvish short sword.
 The forest centaur misses!
 The forest centaur kicks!
 Idefix bites the forest centaur.
 The forest centaur thrusts her dwarvish short sword.
 The forest centaur hits!
 The forest centaur kicks!
 The forest centaur thrusts her dwarvish short sword.
 The forest centaur hits!
 The forest centaur kicks!
 Idefix bites the forest centaur.
 The forest centaur thrusts her dwarvish short sword at Idefix.
 The forest centaur hits Idefix.
 The forest centaur hits Idefix.
 The forest centaur thrusts her dwarvish short sword.
 The forest centaur hits!
 The forest centaur kicks!
 What do you want to drink? [ijsy or ?*] s
 You are suddenly moving much faster.
 Your quickness feels very natural.
 The forest centaur thrusts her dwarvish short sword.
 The forest centaur misses!
 The forest centaur kicks!
 Idefix misses the forest centaur.
 You see here 6 rocks.
 The forest centaur picks up 6 rocks.
 The forest centaur thrusts her dwarvish short sword.
 The forest centaur hits!
 You die...
 Do you want your possessions identified? [ynq] (y) q

Inventory:
 Coins    ('$')
  $ - 40 gold pieces
 Amulets  ('"')
  t - an uncursed amulet of magical breathing
  Y - an uncursed amulet versus poison
 Weapons  (')')
  Z - 34 poisoned +0 orcish arrows
  R - 13 blessed +0 darts
  r - 59 +0 darts (at the ready)
  b - a +0 axe (weapon in right hand)
  a - a rusty +0 two-handed sword (alternate weapon; not wielded)
 Armor    ('[')
  A - a cursed -1 dwarvish iron helm
  k - an uncursed rusty +0 orcish helm (being worn)
  c - an uncursed +0 pair of leather gloves (being worn)
  L - a blessed +1 pair of iron shoes (being worn)
  M - an uncursed +0 dwarvish cloak
  B - an uncursed +0 elven cloak (being worn)
  D - an uncursed +0 dwarvish mithril-coat (being worn)
 Comestibles  ('%')
  E - 2 uncursed carrots
  z - 2 uncursed food rations
  F - an uncursed lizard corpse
 Scrolls  ('?')
  e - 2 uncursed scrolls of create monster
  T - an uncursed scroll of enchant armor
  h - 2 uncursed scrolls of enchant weapon
  K - a cursed scroll of fire
  S - an uncursed scroll of food detection
  x - an uncursed scroll of identify
  l - an uncursed scroll of remove curse
  d - 3 uncursed scrolls of teleportation
 Potions  ('!')
  j - an uncursed potion of blindness
  i - an uncursed potion of paralysis
  y - an uncursed potion of sickness
 Rings    ('=')
  v - an uncursed +1 ring of protection (on right hand)
 Wands    ('/')
  Q - a wand of digging (0:6)
  U - a wand of magic missile (0:7)
  o - a wand of nothing (0:9)
  p - a wand of slow monster (0:4)
 Tools    ('(')
  G - a blessed bag of holding containing 7 items
  X - an uncursed brass lantern
  O - a cursed lock pick
  q - a blessed magic lamp
  u - a magic marker (0:89)
  g - a cursed magic whistle
  W - an uncursed oil lamp (lit)
  C - a +0 pick-axe
  P - an uncursed towel
  w - an uncursed wax candle
 Gems/Stones  ('*')
  J - 2 uncursed worthless pieces of blue glass
  f - an uncursed worthless piece of orange glass
  V - an uncursed worthless piece of violet glass
  m - an uncursed worthless piece of white glass
  n - an uncursed worthless piece of yellowish brown glass
  H - 3 uncursed worthless pieces of yellowish brown glass

Contents of the bag of holding:
  661 gold pieces
  2 uncursed tins of lichen
  an uncursed tin whistle
  an uncursed worthless piece of green glass
  an uncursed worthless piece of yellow glass
  2 cursed topaz stones
  an uncursed worthless piece of violet glass

Barrb the Barbarian's attributes:

Background:
 You were a Bandit, a level 9 female human Barbarian.
 You were neutral, on a mission for Crom
 who was opposed by Mitra (lawful) and Set (chaotic).
 You were right-handed.
 You were in the Gnomish Mines, on level 11.
 You entered the dungeon 9251 turns ago.
 It was nighttime.
 There was a new moon in effect when your adventure ended.
 You had 3357 experience points, 1763 more were needed to attain level 10.

Basics:
 You had 0 out of 119 hit points.
 You had all 25 energy points (spell power).
 Your armor class was -2.
 Your wallet contained 40 zorkmids, and
 you had 661 more stashed away in your pack.
 Autopickup was off.

Final Characteristics:
 Your strength was 18 (limit:18/100).
 Your dexterity was 18 (limit:18).
 Your constitution was 18 (limit:18).
 Your intelligence was 8 (limit:18).
 Your wisdom was 7 (peak:8, limit:18).
 Your charisma was 6 (limit:18).

Final Status:
 You weren't hungry.
 You were burdened; movement was slightly slowed.
 You were wielding an axe.
 You had basic skill with axe and could have enhanced that.

Final Attributes:
 You were piously aligned.
 You were poison resistant.
 You were telepathic.
 You were stealthy.
 You had a small defense bonus (+1).
 You were protected.
 You were very fast.
 You are dead.

Miscellaneous:
 You didn't encounter any bones levels.
 Total elapsed playing time was 3 hours, 18 minutes and 58 seconds.

Major events:
 Turn
    1: Barrb the neutral female human Barbarian entered the dungeon
  674: attained the rank of Pillager (level 3)
  967: entered the Gnomish Mines
 2724: made her first wish - "blessed bag of holding", got "a bag"
 3287: attained the rank of Bandit (level 6)
 5984: reached Mine Town
 6425: read a Discworld novel
 9251: killed by a forest centaur

You didn't know any spells.

Skills:
 Fighting Skills
   bare handed combat [Basic]
   two weapon combat  [Unskilled]
   riding             [Unskilled]
 Weapon Skills
   dagger             [Unskilled]
   axe                [Basic]
   pick-axe           [Unskilled]
   short sword        [Unskilled]
   broadsword         [Unskilled]
   long sword         [Unskilled]
   two-handed sword   [Expert]
   saber              [Unskilled]
   club               [Unskilled]
   mace               [Unskilled]
   morning star       [Unskilled]
   flail              [Unskilled]
   hammer             [Unskilled]
   quarterstaff       [Unskilled]
   spear              [Unskilled]
   trident            [Unskilled]
   bow                [Unskilled]
 Spellcasting Skills
   attack spells      [Unskilled]
   escape spells      [Unskilled]

Voluntary challenges:
 Character rerolling was not enabled.
 You never genocided any monsters.
 You never polymorphed an object.
 You never changed form.
 You used 1 wish.
 You did not wish for any artifacts.
Achievements:
 You attained the rank of Pillager.
 You entered a shop.
 You entered the Gnomish Mines.
 You attained the rank of Bandit.
 You entered Minetown.
 You entered a temple.
 You read from a Discworld novel.

 The Dungeons of Doom: levels 1 to 5
    Level 1:
       A fountain.
    Level 2:
       A food shop.
    Level 3:
       A general store, some fountains, a grave.
       Stairs down to The Gnomish Mines.
    Level 4:
       A fountain.
    Level 5:
 The Gnomish Mines: levels 4 to 11
    Level 4:
    Level 5:
    Level 6:
    Level 7:
       Many shops, a temple and an altar to Crom, some fountains.
    Level 8:
    Level 9:
    Level 10:
    Level 11: <- You were here.
       Final resting place for
          you, killed by a forest centaur.


Vanquished creatures:
  3 small mimics
 an ettin mummy
  2 tengu
  a human mummy
 an ettin zombie
  4 watchmen
  2 giant beetles
  2 quivering blobs
  2 cockatrices
  2 wolves
  a lynx
  a leprechaun
 an iron piercer
  2 giant spiders
  a horse
  a vampire bat
  2 gnome rulers
  a brown pudding
  a Green-elf
  a lizard
  3 chickatrices
  a dog
  a dwarf leader
  a gnome mummy
  a human zombie
  a rope golem
 an imp
  a quasit
  a wood nymph
  a water nymph
 11 Uruk-hai
  4 rock piercers
  3 ponies
  a fog cloud
  2 shriekers
 17 gnome leaders
  6 gnomish wizards
  a kobold mummy
  2 gray oozes
  4 elf zombies
  a ghoul
  a straw golem
  2 giant ants
  2 little dogs
  3 floating eyes
  a kitten
 20 dwarves
  4 homunculi
  6 hill orcs
  5 rothes
  a centipede
  2 monkeys
  2 dwarf zombies
  a werejackal
  4 iguanas
  8 killer bees
 an acid blob
  a gas spore
  5 hobbits
  a large kobold
  2 hobgoblins
  2 giant rats
  5 cave spiders
  2 green molds
  a red mold
 61 gnomes
  2 garter snakes
  7 geckos
  2 jackals
  2 foxes
  4 goblins
  6 sewer rats
  a bat
  7 lichens
  a kobold zombie
  7 newts
278 creatures vanquished.

No species were genocided or became extinct.

Game over:
                       ----------
                      /          \
                     /    REST    \
                    /      IN      \
                   /     PEACE      \
                  /                  \
                  |      Barrb       |
                  |      701 Au      |
                  |   killed by a    |
                  |  forest centaur  |
                  |                  |
                  |                  |
                  |       2026       |
                 *|     *  *  *      | *
        _________)/\\_//(\/(/\)/\//\/|_)_______

Goodbye Barrb the Barbarian...

You died in The Gnomish Mines on dungeon level 11 with 14679 points,
and 701 pieces of gold, after 9251 moves.
You were level 9 with a maximum of 119 hit points when you died.

